 Dungeon Crawl Stone Soup version 0.32-a0-768-g0f6f1dd4b9 (webtiles) character file.

Game seed: 4034960087091444444

9393 tilp the Covert (level 11, -2/84 HPs)
             Began as a Vampire Enchanter on Mar 18, 2024.
             Was a Believer of Wu Jian.
             Slain by an ice devil (17 damage)
             ... on level 10 of the Dungeon.
             The game lasted 00:18:39 (11481 turns).

tilp the Covert (Vampire Enchanter)                Turns: 11481, Time: 00:18:39

Health: -2/84      AC:  8    Str:  7    XL:     11   Next: 22%
Magic:  9/18       EV: 12    Int: 27    God:    Wu Jian [**....]
Gold:   631        SH:  5    Dex: 16    Spells: 9/20 levels left

rFire   + . .        a - +4 dagger (freeze)
rCold   . . .        A - +0 buckler
rNeg    . . .        H - +0 leather armour {rF+}
rPois   .            G - +2 hat
rElec   .            (no cloak)
rCorr   .            f - +2 pair of gloves
SInv    +            (no boots)
Will    +....        (no amulet)
Stlth   ++++         k - ring of flight
HPRegen 0.54/turn    q - +6 ring of intelligence
MPRegen 0.16/turn

%: no passive effects
@: flying, healing quickly
A: alive, fangs 3, see invisible, vampiric 2
a: Exsanguinate, Renounce Religion, Wall Jump


You were on level 10 of the Dungeon.
You worshipped Wu Jian.
Wu Jian was pleased with you.
You visited 2 branches of the dungeon, and saw 11 of its levels.
You also visited: Sewer.

You collected 719 gold pieces.
You spent 88 gold pieces at shops.

Inventory:

Hand Weapons
 a - a +4 dagger of freezing (weapon)
 b - a +5 scimitar
 y - a +2 dagger
 M - the +3 Elemental Staff {ele, rElec rF+ rC+ AC+3}
   (You took it off a deep elf pyromancer on level 10 of the Dungeon)

   AC+3:      It affects your AC (+3).
   rF+:       It protects you from fire.
   rC+:       It protects you from cold.
   rElec:     It insulates you from electricity.
Missiles
 g - 22 poisoned darts (quivered)
 m - a curare-tipped dart
 v - 5 boomerangs
Armour
 f - a +2 pair of gloves (worn)
 p - a +0 helmet
 A - a +0 buckler (worn)
 G - a +2 hat (worn)
 H - a +0 leather armour of fire resistance (worn)
 K - an orb of guile
 N - a +2 robe
Magical Staves
 u - a staff of conjuration
Jewellery
 k - a ring of flight (left hand)
 q - a +6 ring of intelligence (right hand)
 s - a ring of positive energy
 I - a ring of resist corrosion
Wands
 j - a wand of paralysis (6)
 x - a wand of flame (14)
 E - a wand of polymorph (19)
Scrolls
 e - 2 scrolls of noise
 t - 3 scrolls of teleportation
 z - 2 scrolls of immolation
 J - a scroll of poison
 L - a scroll of revelation
Potions
 c - 5 potions of invisibility
 d - 4 potions of curing
 h - 3 potions of haste
 i - 2 potions of might
 l - a potion of enlightenment {unknown}
 n - 2 potions of attraction
 o - 3 potions of lignification {unknown}
 r - a potion of mutation {unknown}
 B - a potion of cancellation {unknown}
 C - a potion of ambrosia {unknown}
 D - a potion of brilliance {unknown}
 F - a potion of heal wounds


   Skills:
 * Level 7.5 Fighting
 - Level 4.2(7.1) Short Blades
 * Level 8.2(8.6) Long Blades
 - Level 6.0 Dodging
 + Level 10.1 Stealth
 - Level 4.0 Shields
 - Level 5.0 Spellcasting
 + Level 9.4 Hexes
 - Level 4.0 Evocations


You had 9 spell levels left.
You knew the following spells:

 Your Spells              Type           Power      Damage    Failure   Level
a - Ensorcelled Hibernat  Hex/Ice        64%        N/A       3%          2
b - Confusing Touch       Hex            55%        N/A       1%          3
c - Tukima's Dance        Hex            55%        N/A       1%          3
d - Dazzling Flash        Conj/Hex       64%        N/A       8%          3

Your spell library contained the following spells:

 Spells                   Type           Power      Damage    Failure   Level
 Sting                    Conj/Alch      24%        1d4       17%         1
 Anguish                  Hex/Necr       16%        N/A       24%         4
 Mercury Vapours          Alch/Air       12%        N/A       26%         2
 Fugue of the Fallen      Necr           6%         N/A       45%         3
 Olgreb's Toxic Radiance  Alch           6%         N/A       86%         4


Dungeon Overview and Level Annotations

Branches:
Dungeon (10/15)            Temple (1/1) D:6            Lair (0/5) D:9
  Sewer (visited)
    Orc: D:9-12

Altars:
Ashenzari
Cheibriados
Dithmenos
Fedhas
Gozag
Hepliaklqana
Kikubaaqudgha
Makhleb
Nemelex Xobeh
Okawaru
Qazlal
Ru
Sif Muna
Trog
Uskayaw
Vehumet
Wu Jian
Xom
Yredelemnul

Shops:
D:3 (   D:4 !


Innate Abilities, Weirdness & Mutations

Your natural rate of healing is accelerated.
You have razor-sharp teeth.
You have supernaturally acute eyesight. (SInv)
You are afflicted with vampirism and can become a bat while bloodless.


Message History

Unknown command.
Unknown command.
Casting: Dazzling Flash (dangerous; 8% risk of failure)
Confirm with . or Enter, or press ? or * to list all spells.
Casting: Dazzling Flash (dangerous; 8% risk of failure)
Press: ? - help, Dir - look around, f - activate The ice devil is dazzled.
The ice devil barely misses you.
Unknown command.
Unknown command.
You hit the ice devil.
The ice devil is lightly wounded.
The ice devil barely misses you.
You hit the ice devil but do no damage.
The ice devil is lightly wounded.
The ice devil hits you. The ice devil freezes you!
* * * LOW HITPOINT WARNING * * *
The tengu conjurer gestures wildly while chanting.
You catch the helpless ice devil completely off-guard!
You impale the ice devil!!
The ice devil is severely wounded.
You hit the ice devil. You bite the ice devil.
The ice devil is severely wounded.
A battlesphere comes into view.
The battlesphere moves out of view.
Casting: Dazzling Flash (dangerous; 8% risk of failure)
Confirm with . or Enter, or press ? or * to list all spells.
Aiming: Ensorcelled Hibernation (safe; 3% risk of failure)
Press: ? - help, Shift-Dir - straight line, f - tengu conjurer
Aim: a tengu conjurer, wearing a +0 buckler (chance to affect: 62%)
The tengu conjurer looks drowsy...
The ice devil is no longer blind.
Unknown command.
The helpless tengu conjurer fails to defend itself.
You skewer the tengu conjurer like a kebab!!!
You freeze the tengu conjurer!
You kill the tengu conjurer!
The Council accepts your kill.
The battlesphere dissipates.
The ice devil hits you.
* * * LOW HITPOINT WARNING * * *
The ice devil freezes you!
You die...

#### #.# ####.# ##.#
###...# ##.##
#..§..######## #..#
#...####†...## ##.##
#.##..#'>#..#####...#
##....####...##....#
###.4.†.#####.......#
##.##[@..## ##.......#
#+...☼#..##≈##........#
##.....####≈≈≈##.......#
#.......##≈≈°≈≈##......#
##.....## #≈≈≈##.......#
#+...k# ##≈##........#
##.##....###.........#
## 4...###.........#
..4####........##


You could see an ice devil.

Vanquished Creatures
  A two-headed ogre (D:9)
  A deep elf pyromancer (D:10)
  An ugly thing (D:10)
  2 rime drakes (D:10)
  A tengu conjurer (D:10)
  A wyvern (D:8)
  8 yaks
  4 acid dragons
  Edmund (D:4)
  2 orc warriors (D:9)
  Pargi (Sewer)
  A black bear (D:5)
  2 sky beasts
  3 ice beasts
  2 ogres
  2 centaurs
  A phantom (D:6)
  A gnoll sergeant (D:9)
  3 kobold brigands
  4 scorpions
  2 bullfrogs (D:8)
  5 wights
  2 jellies
  18 killer bees
  6 howler monkeys
  5 hounds
  3 bombardier beetles
  6 orc priests
  2 gnoll boudas
  4 iguanas
  3 sleepcaps
  6 orc wizards
  11 gnolls
  7 adders
  2 white imps
  4 ufetubi
  2 dart slugs (D:4)
  2 ribbon worms
  43 orcs
  3 bats (D:1)
  5 endoplasms
  7 giant cockroaches
  8 goblins
  9 hobgoblins
  4 quokkas
  7 ball pythons
  4 frilled lizards
  11 kobolds
  12 rats
245 creatures vanquished.

Vanquished Creatures (collateral kills)
  A yak (D:8)
  2 orc warriors
  15 wights
  3 killer bees
  A howler monkey (D:7)
  A gnoll (D:9)
23 creatures vanquished.

Vanquished Creatures (others)
  5 dancing weapons
5 creatures vanquished.

Grand Total: 273 creatures vanquished

Notes
Turn   | Place    | Note
-------+----------+-------------------------------------------
     0 | D:1      | tilp the Vampire Enchanter began the quest for the Orb.
     0 | D:1      | Reached XP level 1. HP: 13/13 MP: 3/3
   164 | D:1      | Reached XP level 2. HP: 20/20 MP: 5/5
   167 | D:1      | Learned a level 2 spell: Ensorcelled Hibernation
   212 | D:1      | Found a faded altar of an unknown god.
   655 | D:1      | Reached skill level 1 in Long Blades
   860 | D:1      | Gained mutation: You are afflicted with vampirism and can
                  | become a bat while bloodless. [Vampire growth]
   860 | D:1      | Reached XP level 3. HP: 25/25 MP: 6/6
   864 | D:1      | Learned a level 3 spell: Confusing Touch
  1822 | D:3      | Reached skill level 1 in Fighting
  1870 | D:3      | Reached XP level 4. HP: 21/32 MP: 7/7
  2151 | D:3      | Found Adacvum's Weapon Shoppe.
  2607 | D:3      | Identified the +0 robe of the Arena {rF++}
  2614 | D:3      | Reached XP level 5. HP: 37/37 MP: 8/8
  2678 | D:3      | Found a snail-covered altar of Cheibriados.
  2987 | D:4      | Noticed an ogre
  2993 | D:4      | Reached skill level 5 in Stealth
  3095 | D:4      | Killed an ogre
  3096 | D:4      | Reached skill level 5 in Hexes
  3096 | D:4      | Reached skill level 1 in Evocations
  3096 | D:4      | Reached XP level 6. HP: 44/44 MP: 3/9
  3235 | D:4      | Found Piesiwk's Distillery.
  3242 | D:4      | Bought a potion of curing for 33 gold pieces
  3242 | D:4      | Bought a potion of heal wounds for 55 gold pieces
  3373 | D:4      | Found a sacrificial altar of Ru.
  3829 | D:4      | Noticed Edmund
  4010 | D:4      | Killed Edmund
  4011 | D:4      | Reached XP level 7. HP: 30/51 MP: 2/11
  4011 | D:4      | Found Piesiwk's Distillery.
  4100 | D:5      | Entered Level 5 of the Dungeon
  4205 | D:5      | Learned a level 3 spell: Tukima's Dance
  4211 | D:5      | Learned a level 3 spell: Dazzling Flash
  4649 | D:5      | Reached skill level 6 in Stealth
  4939 | D:6      | Reached XP level 8. HP: 58/58 MP: 7/12
  5011 | D:6      | Reached skill level 1 in Shields
  5080 | D:6      | Found a staircase to the Ecumenical Temple.
  5103 | Temple   | Entered the Ecumenical Temple
  5174 | D:6      | Found a glowing drain.
  5202 | Sewer    | Entered a sewer
  5447 | Sewer    | Noticed Pargi
  5449 | Sewer    | Killed Pargi
  5759 | D:6      | Reached skill level 7 in Stealth
  5882 | D:6      | Found an opulent altar of Gozag.
  6089 | D:6      | Reached skill level 5 in Long Blades
  6089 | D:6      | Reached XP level 9. HP: 65/66 MP: 14/14
  6499 | D:7      | Reached skill level 5 in Dodging
  6669 | D:7      | Reached skill level 5 in Fighting
  6780 | D:7      | Found a radiant altar of Vehumet.
  6930 | D:7      | Found an ornate altar of the Wu Jian Council.
  6937 | D:7      | Became a worshipper of the Wu Jian Council
  7150 | D:7      | You are sucked into a shaft and drop 1 floor!
  7199 | D:8      | Reached skill level 8 in Stealth
  7518 | D:6      | Found a blossoming altar of Fedhas.
  7754 | D:8      | Reached XP level 10. HP: 74/74 MP: 13/16
  7767 | D:8      | Reached * piety under Wu Jian
  7860 | D:8      | Identified the +2 chain mail of Zuutuq {rF+}
  9040 | D:9      | Reached ** piety under Wu Jian
  9045 | D:9      | Reached skill level 9 in Stealth
  9387 | D:9      | Found a staircase to the Lair.
  9715 | D:9      | Noticed a two-headed ogre
  9718 | D:9      | Killed a two-headed ogre
  9719 | D:9      | Reached skill level 5 in Spellcasting
 10355 | D:9      | Found a stormy altar of Qazlal.
 10378 | D:9      | Found an ancient bone altar of Kikubaaqudgha.
 10578 | D:10     | Entered Level 10 of the Dungeon
 10854 | D:10     | Found a sparkling altar of Nemelex Xobeh.
 10972 | D:10     | Reached XP level 11. HP: 15/84 MP: 8/18
 11294 | D:10     | Noticed a white ugly thing
 11300 | D:10     | Killed a white ugly thing
 11393 | D:10     | Noticed a deep elf pyromancer
 11405 | D:10     | Killed a deep elf pyromancer
 11406 | D:10     | Reached skill level 10 in Stealth
 11481 | D:10     | Slain by an ice devil

Illustrated notes

Levels and vault maps discovered:
D:1:      lemuel_arrival_tunnels, layout_loops_ring,
          shapermc_ecumenical_altar_venn, minmay_rat_gold_closets
D:2:      layout_loops_ring
D:3:      layout_basic, mainiacjoe_overflow_concentric_impassable, serial_shops,
          nicolae_shop_tiny_statue_garden, chequers_serial_rivers_small_a
D:4:      layout_loops_ring, nicolae_ru_awakened_eye, serial_shops,
          nicolae_square_shop, uniq_edmund
D:5:      nicolae_cairo_tiling_very_big, layout_rooms
D:6:      layout_loops_cross, nicolae_overflow_hidden_temple,
          grunt_gozag_statues, minmay_temple_entry_waves,
          cheibrodos_sewer_entry_bend, minmay_misc_feat_diagonals,
          kennysheep_small_circle
D:7:      layout_basic, kennysheep_little_box, mainiacjoe_overflow_tiny_flanked,
          kennysheep_boxes
D:8:      layout_loops_corners, glass_columns_a
D:9:      layout_layer_cave, mainiacjoe_overflow_small_starburst,
          mainiacjoe_overflow_two_lobes, lair_entry_dummy
D:10:     layout_cave_pods, mainiacjoe_overflow_catwalk,
          dilly_guarded_unrand_elemental_staff
Temple:   nicolae_temple_no_exploring_needed

Skill      XL: |  1  2  3  4  5  6  7  8  9 10 11 |
---------------+----------------------------------+-----
Long Blades    | 1 2 3 5 6 7 8 |  8.2
Fighting       | 1 2 3 4 5 7 |  7.5
Short Blades   | 2 3 4 |  4.2
Dodging        | 3 4 5 6 |  6.0
Stealth        | 5 6 7 8 9 10 | 10.1
Hexes          | 5 6 7 9 |  9.4
Evocations     | 1 2 3 4 |  4.0
Spellcasting   | 3 4 5 |  5.0
Shields        | 1 3 4 |  4.0

Action                     |  1- 3 |  4- 6 |  7- 9 | 10-12 || total
---------------------------+-------+-------+-------+-------++-------
  Melee: Dagger            |    65 |   140 |   352 |   174 ||   731
         Bite              |     2 |    12 |    34 |    16 ||    64
  Throw: Dart              |       |     1 |       |     1 ||     2
   Cast: Ensorcelled Hiber |    13 |    24 |    54 |    63 ||   154
         Confusing Touch   |       |     2 |    11 |     4 ||    17
         Tukima's Dance    |       |       |    16 |    15 ||    31
         Dazzling Flash    |       |       |       |     6 ||     6
Ability: Lunge             |       |       |    10 |    13 ||    23
         Whirlwind         |       |       |       |     2 ||     2
  Evoke: Wand              |       |     1 |     1 |       ||     2
    Use: Scroll            |     6 |     4 |     9 |     1 ||    20
         Potion            |       |       |     1 |       ||     1
   Stab: Sleeping          |    26 |    25 |    53 |    44 ||   148
         Confused          |       |     1 |     9 |     3 ||    13
         Paralysed         |       |     1 |       |       ||     1
         Invisible         |       |       |       |     5 ||     5
         Distracted        |       |       |       |     1 ||     1
 Armour: Robe              |    24 |    57 |   159 |     1 ||   241
         Leather armour    |       |       |       |    90 ||    90
  Dodge: Dodged            |    29 |    87 |   180 |    71 ||   367
  Block: Buckler           |       |       |    52 |    37 ||    89

Table legend: (Time is in decaauts)
 A = Elapsed time spent in this place.
 B = Non-inter-level travel time spent in this place.
 C = Inter-level travel time spent in this place.
 D = Time resting spent in this place.
 E = Time spent auto-exploring this place.
 F = Levels seen in this place.
 G = Mean time per level.
                   A        B        C        D        E       F      G
               +--------+--------+--------+--------+--------+-----+--------+
         Total |  11351 |  10741 |    610 |    972 |   7457 |  12 |  945.9 |
       Dungeon |  11050 |  10440 |    610 |    817 |   7457 |  10 | 1105.0 |
        Temple |      1 |      1 |      0 |      0 |      0 |   1 |    1.0 |
         Sewer |    299 |    299 |      0 |    155 |      0 |   1 |  299.0 |
               +--------+--------+--------+--------+--------+-----+--------+

Top non-repeatable levels by time:
     D:9: 1602 daAuts
     D:8: 1556 daAuts
     D:3: 1290 daAuts
     D:4: 1161 daAuts
     D:1: 1084 daAuts
     D:6: 1049 daAuts
     D:7: 1010 daAuts
    D:10: 893 daAuts
     D:5: 783 daAuts
     D:2: 618 daAuts
   Sewer: 299 daAuts
  Temple: 1 daAuts
